 Dungeon Crawl Stone Soup version 0.30-a0-528-g8c47a4955b (webtiles) character file.

Game seed: 606705539437000104

191 kae the Firebug (level 5, 0/28 HPs)
             Began as a Tengu Fire Elementalist on Dec 23, 2022.
             Succumbed to a water moccasin's poison
             ... on level 4 of the Dungeon.
             The game lasted 00:02:18 (2761 turns).

kae the Firebug (Tengu Fire Elementalist)           Turns: 2761, Time: 00:02:18

Health: 0/28       AC:  2    Str:  8    XL:     5   Next: 70%
Magic:  3/10       EV: 14    Int: 17    God:
Gold:   114        SH:  0    Dex: 15    Spells: 3/9 levels left

rFire   . . .      SeeInvis .    (no weapon)
rCold   . . .      Faith    .    (no shield)
rNeg    . . .      Spirit   .    a - +0 robe
rPois   .          Reflect  .    (helmet restricted)
rElec   .          Harm     .    (no cloak)
rCorr   .          Rampage  .    (no gloves)
Will    .....                    (boots unavailable)
Stlth   ++                       (no amulet)
HPRegen 0.24/turn                (no ring)
MPRegen 0.12/turn                (no ring)

@: lethally poisoned (0 -> -9), about to teleport, flying quickly and evasively,
very slightly contaminated, quick
A: beak, talons 3, nimble flight
a: no special abilities


You were on level 4 of the Dungeon.
You visited 1 branch of the dungeon, and saw 4 of its levels.

You collected 114 gold pieces.


Innate Abilities, Weirdness & Mutations

You have a beak for a mouth.
You have claws for feet.
Your magical nature lets you fly swiftly and evasively.


   Skills:
 - Level 2.1 Dodging
 - Level 2.0 Stealth
 + Level 2.8 Spellcasting
 * Level 4.6 Conjurations
 * Level 5.0 Fire Magic


You had 3 spell levels left.
You knew the following spells:

 Your Spells              Type           Power      Damage    Failure   Level
a - Foxfire               Conj/Fire      72%        2x1d7     2%          1
b - Scorch                Fire           38%        2d7       3%          2
c - Inner Flame           Hex/Fire       10%        N/A       19%         3

Your spell library contained the following spells:

 Spells                   Type           Power      Damage    Failure   Level
 Kindle Blastsparks       Fire/Tloc/Air  16%        2d11      26%         3
 Flame Wave               Conj/Fire      18%        2d7       24%         4

Inventory:

Missiles
 j - 8 stones
 l - a throwing net {=f!f}
Armour
 a - a +0 robe (worn)
Wands
 i - a wand of paralysis (5)
   (You found it on level 2 of the Dungeon)
Scrolls
 e - a scroll of teleportation {@r4}
 g - a scroll of brand weapon
Potions
 b - 3 potions of magic
 c - 2 potions of mutation {!q}
 d - 2 potions of haste {@q3}
 f - a potion of heal wounds {unknown}
 h - a potion of curing {unknown}
 m - a potion of invisibility {unknown}

Dungeon Overview and Level Annotations

Branches:
Dungeon (4/15) Zot: 21238
 Temple: D:4-7

Altars:

#..............
#..............
#..............
#..............
#....###+##....
#....#....#....
#....'....# ...
#....#....# ..
#...@######
#....# #..Sl#
#....# #.....
#......
#.......
#........
#....#####


You could see a water moccasin (combustible) and an iguana.


Message History

There is a stone staircase leading down here. 😎 MP[+1]
Your mp is fully restored (10).
You fly downwards.
There is a stone staircase leading up here.
You reach down and open the door.
There is an open door here.
h - a coppery potion A giant cockroach comes into view.
A giant cockroach is nearby!
Casting: Foxfire (safe; 2% risk of failure)
Confirm with . or Enter, or press ? or * to list all spells.
You conjure some foxfire!
The foxfire hits the giant cockroach.
The foxfire hits the giant cockroach but does no damage. 😎 MP[-1]
You lost 1 mp, and now have 9/10 mp.
Casting: Foxfire (safe; 2% risk of failure)
Confirm with . or Enter, or press ? or * to list all spells.
You conjure some foxfire!
The foxfire hits the giant cockroach but does no damage. x2 😎 MP[-1]
You lost 1 mp, and now have 8/10 mp.
A giant cockroach is nearby!
Casting: Foxfire (safe; 2% risk of failure)
Confirm with . or Enter, or press ? or * to list all spells.
You conjure some foxfire!
The giant cockroach barely misses you.
The foxfire hits the giant cockroach.
You kill the giant cockroach! 😎 MP[-1]
You lost 1 mp, and now have 7/10 mp.
You reach down and open the door.
An iguana comes into view. 😎 MP[+3]
Your mp is fully restored (10).
An iguana is nearby!
Casting: Foxfire (safe; 2% risk of failure)
Confirm with . or Enter, or press ? or * to list all spells.
You conjure some foxfire!
The foxfire hits the iguana. 😎 MP[-1]
You lost 1 mp, and now have 9/10 mp.
An iguana is nearby!
Casting: Foxfire (safe; 2% risk of failure)
Confirm with . or Enter, or press ? or * to list all spells.
You conjure some foxfire!
The foxfire hits the iguana but does no damage.
The foxfire hits the iguana but does no damage.
The foxfire hits the iguana. 😎 MP[-1]
You lost 1 mp, and now have 8/10 mp.
Casting: Foxfire (safe; 2% risk of failure)
Confirm with . or Enter, or press ? or * to list all spells.
You conjure some foxfire!
The foxfire hits the iguana but does no damage. x2
A water moccasin comes into view. 😎 MP[-1]
You lost 1 mp, and now have 7/10 mp.
Casting: Foxfire (safe; 2% risk of failure)
Confirm with . or Enter, or press ? or * to list all spells.
You conjure some foxfire!
The water moccasin hisses angrily.
The foxfire hits the iguana. x2
The iguana bites you but does no damage.
Casting: Foxfire (safe; 2% risk of failure)
Confirm with . or Enter, or press ? or * to list all spells.
You miscast Scorch.
You are very lightly contaminated with residual magic.
Nothing appears to happen.
The iguana closely misses you. 😎 MP[-2]
You lost 2 mp, and now have 5/10 mp.
Casting: Scorch (safe; 3% risk of failure)
Confirm with . or Enter, or press ? or * to list all spells.
Flames lash the water moccasin.
The water moccasin's fire resistance burns away.
The iguana completely misses you. The water moccasin closely misses you.
The water moccasin closely misses you. The iguana bites you! 😮 HP[-7] MP[-2]
You take 7 damage, and now have 21/28 hp.
MASSIVE DAMAGE!! (PAUSE)
You lost 2 mp, and now have 3/10 mp.
As you read the scroll of teleportation {@r4}, it crumbles to dust.
You feel strangely unstable. The water moccasin bites you!
* * * LOW HITPOINT WARNING * * *
You are poisoned.
The water moccasin poisons you! The iguana bites you!
* * * LOW HITPOINT WARNING * * *
The water moccasin bites you but does no damage. 😱 HP[-17]
You take 17 damage, and now have 4/28 hp.
MASSIVE DAMAGE!! (PAUSE)
Okay, then.
* * * LOW HITPOINT WARNING * * *
You feel very sick. 😱 HP[-2]
You take 2 damage, and now have 2/28 hp.
Unknown command.
Okay, then.
You die...

Skill      XL: |  1  2  3  4 |
---------------+-------------+-----
Conjurations   | 2 3 4 |  4.6
Fire Magic     | 4 5 |  5.0
Dodging        | |  2.1
Stealth        | |  2.0
Spellcasting   | |  2.8

Action                   |  1- 3 |  4- 6 || total
-------------------------+-------+-------++-------
Melee: Unarmed           |    18 |    12 ||    30
       Kick              |     4 |     5 ||     9
       Peck              |     4 |     5 ||     9
 Cast: Foxfire           |    70 |    30 ||   100
       Scorch            |     2 |     5 ||     7
  Use: Scroll            |     3 |     6 ||     9
Armor: Robe              |     7 |     2 ||     9
Dodge: Dodged            |    23 |     7 ||    30

Levels and vault maps discovered:
D:1:      giann_forest_graveyard, layout_loops_corners
D:2:      layout_loops_corners, chequers_ecumenical_altar_simple,
          kennysheep_generic_room_13
D:3:      layout_basic, nicolae_concentric_dashed_squares_mild,
          serial_bayou_lagoon_a, patterned_corridor
D:4:      layout_gridville, minitemple, minmay_surrounded

Notes
Turn   | Place    | Note
-------+----------+-------------------------------------------
     0 | D:1      | kae the Tengu Fire Elementalist began the quest for the
                  | Orb.
     0 | D:1      | Reached XP level 1. HP: 10/10 MP: 4/4
     0 | D:1      | magus.rc [v1.11.3]
   253 | D:1      | Reached skill level 2 in Conjurations
   253 | D:1      | Reached XP level 2. HP: 15/15 MP: 1/6
   765 | D:1      | You fall into a shaft and drop 1 floor!
   989 | D:2      | Reached XP level 3. HP: 19/19 MP: 4/7
   992 | D:2      | Learned a level 2 spell: Scorch
  1117 | D:2      | Learned a level 3 spell: Inner Flame
  1129 | D:2      | Found a faded altar of an unknown god.
  1519 | D:2      | Reached skill level 3 in Conjurations
  1519 | D:2      | Reached skill level 4 in Fire Magic
  1965 | D:3      | Reached XP level 4. HP: 21/24 MP: 3/8
  2566 | D:4      | Noticed a black bear
  2573 | D:4      | Killed a black bear
  2574 | D:4      | Reached skill level 4 in Conjurations
  2574 | D:4      | Reached skill level 5 in Fire Magic
  2574 | D:4      | Gained mutation: Your magical nature lets you fly swiftly
                  | and evasively. [Tengu growth]
  2574 | D:4      | Reached XP level 5. HP: 27/28 MP: 3/10
  2598 | D:4      | Noticed an ogre
  2753 | D:4      | Noticed a water moccasin
  2759 | D:4      | HP: 4/28 [iguana (8)]
  2761 | D:4      | Succumbed to a water moccasin's poison

Vanquished Creatures
  A black bear (D:4)
  4 gnolls (D:3)
  2 adders
  4 dart slugs
  An orc (D:4)
  2 endoplasms
  A giant cockroach (D:4)
  4 goblins
  7 hobgoblins
  3 jackals (D:1)
  4 kobolds
  A quokka (D:1)
  4 ball pythons
  2 bats (D:2)
  A frilled lizard (D:1)
  5 rats
46 creatures vanquished.

Vanquished Creatures (others)
  153 foxfires
  4 plants (D:3)
157 creatures vanquished.

Grand Total: 203 creatures vanquished

Table legend:
 A = Non-vault XP
 B = Vault XP
 C = Vault XP percentage of total XP
 D = Non-vault monster count
 E = Vault monster count
 F = Vault count percentage of total count
                 A         B        C        D         E       F
            +---------+---------+-------+---------+---------+-------
      Total |     267 |       7 |   2.6 |      44 |       2 |   4.3
            +---------+---------+-------+---------+---------+-------
        D:1 |      30 |       0 |   0.0 |      18 |       0 |   0.0
        D:2 |      33 |       0 |   0.0 |      12 |       0 |   0.0
        D:3 |      81 |       0 |   0.0 |      11 |       0 |   0.0
        D:4 |     123 |       7 |   5.4 |       3 |       2 |  40.0
            +---------+---------+-------+---------+---------+-------

Illustrated notes

Table legend:
 A = Kills in this place as a percentage of kills in entire the game.
 B = Kills by you in this place as a percentage of kills by you in the entire game.
 C = Kills by friends in this place as a percentage of kills by friends in the entire game.
 D = Other kills in this place as a percentage of other kills in the entire game.
 E = Experience gained in this place as a percentage of experience gained in the entire game.
 F = Experience gained in this place divided by the number of levels of this place that you have seen.
                   A       B       C       D       E      F
               +-------+-------+-------+-------+-------+----------------------
         Total | 100.0 | 100.0 |   N/A |   N/A | 100.0 |  68.5
       Dungeon | 100.0 | 100.0 |   N/A |   N/A | 100.0 |  68.5
               +-------+-------+-------+-------+-------+----------------------

Table legend: (Time is in decaauts)
 A = Elapsed time spent in this place.
 B = Non-inter-level travel time spent in this place.
 C = Inter-level travel time spent in this place.
 D = Time resting spent in this place.
 E = Time spent auto-exploring this place.
 F = Levels seen in this place.
 G = Mean time per level.
                   A        B        C        D        E       F      G
               +--------+--------+--------+--------+--------+-----+--------+
         Total |   2761 |   2696 |     65 |    118 |   2199 |   4 |  690.2 |
       Dungeon |   2761 |   2696 |     65 |    118 |   2199 |   4 |  690.2 |
               +--------+--------+--------+--------+--------+-----+--------+

Top non-repeatable levels by time:
     D:2: 936 daAuts
     D:3: 933 daAuts
     D:1: 765 daAuts
     D:4: 126 daAuts
